[Event "Early-Titled-Tuesday-Blitz-January-16-2024"]
[Site "Chess.com"]
[Date "2024.01.16"]
[Round "6"]
[White "jk13"]
[Black "MetiForce"]
[Result "1-0"]
[WhiteElo "2687"]
[BlackElo "2854"]
[TimeControl "180+1"]
[EndTime "9:09:44 PST"]
[Termination "jk13 won by resignation"]

1. e4 Nf6 2. e5 Nd5 3. Nf3 e6 4. d4 d6 5. Bc4 Nb6 6. Bd3 Nc6 7. c3 Be7 8. O-O f6 9. exf6 Bxf6 10. Ng5 Bxg5 11.
Qh5+ Kd7 12. Bxg5 Qf8 13. Nd2 h6 14. Be3 Ne7 15. f4 c6 16. f5 exf5 17. Bxf5+ Kc7 18.
Bxc8 Qxc8 19. Rf7 Qe8 20. Raf1 Nd5 21. Qf3 Rg8 22. Ne4 Rd8 23. c4 Nf6 24. Nxf6 Qxf7 25.
Nd5+ 1-0

[Event "Early-Titled-Tuesday-Blitz-January-16-2024"]
[Site "Chess.com"]
[Date "2024.01.16"]
[Round "6"]
[White "Rodalquilar"]
[Black "TheNextLevelFan"]
[Result "1-0"]
[WhiteElo "2782"]
[BlackElo "2603"]
[TimeControl "180+1"]
[EndTime "9:09:45 PST"]
[Termination "Rodalquilar won by checkmate"]

1. d4 d5 2. Nf3 Nf6 3. Bf4 e6 4. e3 Bd6 5. Nbd2 O-O 6. c3 c5 7. Bd3 Nc6 8. Bg3 b6 9. e4 Be7 10. e5 Nd7 11. h4 h6 12. a3 a5 13. Qe2 Bb7 14. Qe3 Re8 15. Bf4 Bf8 16. Ng5 f5 17. g4 Ba6 18. gxf5 hxg5 19. hxg5 Bxd3 20. Qxd3 exf5 21. Qxf5 Ndxe5 22. dxe5 Bd6 23. g6 Nxe5 24. O-O-O Qf6 25. Qh5 Nd3+ 26. Kb1 Nxf4 27. Qh8# 1-0

[Event "Early-Titled-Tuesday-Blitz-January-16-2024"]
[Site "Chess.com"]
[Date "2024.01.16"]
[Round "6"]
[White "vanyakuba"]
[Black "FREDERICKtheMATE"]
[Result "0-1"]
[WhiteElo "2317"]
[BlackElo "2565"]
[TimeControl "180+1"]
[EndTime "9:09:45 PST"]
[Termination "FREDERICKtheMATE won on time"]

1. e4 c6 2. d4 d5 3. exd5 cxd5 4. c4 Nf6 5. Nc3 Nc6 6. Bg5 dxc4 7. d5 Ne5 8. Qd4 Nd3+ 9. Bxd3 cxd3 10. Nf3 g6 11. Bxf6 exf6 12. O-O Bd6 13. Ne4 Bf5 14. Nxf6+ Kf8 15. Rfe1 Kg7 16. Ne8+ Kg8 17. Nf6+ Kf8 18. g4 Bc8 19. Ng5 Be7 20. Nfxh7+ Rxh7 21. Nxh7+ Kg8 22. Rxe7 Qxe7 23. Nf6+ Kf8 24. Kf1 Qe2+ 25. Kg2 d2 26.
Nh7+ Kg8 27. Nf6+ Kf8 28. Nh7+ Ke7 29. Qf6+ Ke8 30. Qh8+ Kd7 31. Nf6+ Kc7 32. Ne8+ Kb8 33. Qf6 Qxg4+ 34. Kf1 d1=Q+ 35. Rxd1 Qxd1+ 36. Kg2 Qxd5+ 37. Kg1 a6 0-1

[Event "Early-Titled-Tuesday-Blitz-January-16-2024"]
[Site "Chess.com"]
[Date "2024.01.16"]
[Round "6"]
[White "PapaieDudu"]
[Black "VeraVujovic"]
[Result "1-0"]
[WhiteElo "2405"]
[BlackElo "2221"]
[TimeControl "180+1"]
[EndTime "9:09:45 PST"]
[Termination "PapaieDudu won by resignation"]

1. e4 e5 2. Nf3 Nc6 3. Bc4 Bc5 4. c3 Nf6 5. d3 d6 6. Bg5 h6 7. Bh4 Bg4 8. h3 Bh5 9. Nbd2 O-O 10. Nf1 Qe7 11. Ng3 Bg6 12. O-O Nd8 13. a4 Ne6 14. b4 b5 15. Bxe6 Bxf2+ 16. Rxf2 fxe6 17. axb5 Qd7 18. c4 Nh5 19. Nxh5 Bxh5 20. Qd2 Rf4 21. Bg3 Rf7 22. Raf1 Raf8 23. Nh2 c6 24. Rxf7 Bxf7 25. bxc6 Qxc6 26. Bf2 Qa4 27. Qc3 Bh5 28. Ra1 Qe8 29. Rxa7 Qg6 30. Qd2 Kh7 31. Qe3 Rf4 32.
Nf1 Bd1 33. Qg3 Qf6 34. Ne3 Be2 35. c5 dxc5 36. bxc5 Bxd3 37. c6 Bxe4 38. c7 Qf8 39. c8=Q 1-0

[Event "Early-Titled-Tuesday-Blitz-January-16-2024"]
[Site "Chess.com"]
[Date "2024.01.16"]
[Round "6"]
[White "EsmeraldasAnderson03"]
[Black "Darkbluelord"]
[Result "1-0"]
[WhiteElo "2400"]
[BlackElo "2181"]
[TimeControl "180+1"]
[EndTime "9:09:45 PST"]
[Termination "EsmeraldasAnderson03 won by resignation"]

1. d4 c5 2. d5 d6 3. c4 b5 4.
cxb5 a6 5. bxa6 Bxa6 6. Nc3 Nf6 7. g3 g6 8. Bg2 Bg7 9. Nf3 O-O 10. O-O Nbd7 11.
Rb1 Qa5 12. Bd2 Nb6 13. a4 Nc4 14. Be1 Rfb8 15. b3 Ne5 16. Nxe5 dxe5 17. d6 Bb7 18.
Nd5 Qd8 19. dxe7 Qe8 20. Nc7 Qxe7 21. Nxa8 Bxg2 22. Kxg2 Rxa8 23. f3 h5 24. e4 Rd8 25.
Qc2 h4 26. Bf2 hxg3 27. hxg3 Rc8 28. b4 c4 29. b5 Nh5 30. Be3 c3 31. b6 f5 32.
exf5 Qd6 33. fxg6 e4 34. b7 Qxg3+ 35. Kh1 Rb8 36. Qh2 Qxh2+ 37. Kxh2 Be5+ 38. Kh1 Ng3+ 39. Kg2 c2 40. Rb5 Nxf1 41. Kxf1 Bd4 42. Bc1 e3 43. a5 Kg7 44. a6 Kxg6 45. Ke2 Ba7 46. Rb2 Kf5 47.
Rxc2 Ke5 48. Bxe3 Bxe3 49. Kxe3 Re8 50. a7 Kd5+ 51. Kf2 1-0

[Event "Early-Titled-Tuesday-Blitz-January-16-2024"]
[Site "Chess.com"]
[Date "2024.01.16"]
[Round "6"]
[White "Chiquitita23"]
[Black "NewYearGirl"]
[Result "1-0"]
[WhiteElo "2216"]
[BlackElo "2377"]
[TimeControl "180+1"]
[EndTime "9:09:45 PST"]
[Termination "Chiquitita23 won by resignation"]

1. e4 c5 2. c3 d5 3. exd5 Nf6 4. Nf3 Nxd5 5. d4 e6 6. Na3 cxd4 7. cxd4 Bb4+ 8. Bd2 O-O 9. Nc2 Bd6 10. Bd3 h6 11.
O-O Nc6 12. a3 Nf4 13. Bxf4 Bxf4 14. b4 b6 15. Qe2 f5 16. Bc4 Rf6 17. Rad1 Ne7 18.
Rfe1 Nd5 19. Qd3 Bb7 20. Qb3 Qd6 21. Ne5 Qc7 22. Ne3 Bxe5 23. dxe5 Nxe3 24. Bxe6+ Kh7 25.
exf6 Nxd1 26. Bxf5+ g6 27. Re7+ Qxe7 28. fxe7 gxf5 29. Qf7+ Kh8 30. e8=Q+ 1-0

[Event "Early-Titled-Tuesday-Blitz-January-16-2024"]
[Site "Chess.com"]
[Date "2024.01.16"]
[Round "6"]
[White "tactic"]
[Black "Trojan-Knight"]
[Result "0-1"]
[WhiteElo "2546"]
[BlackElo "2686"]
[TimeControl "180+1"]
[EndTime "9:09:47 PST"]
[Termination "Trojan-Knight won by resignation"]

1. e4 c5 2. c3 d5 3. exd5 Qxd5 4.
Nf3 Nf6 5. Na3 e6 6. d4 Nc6 7.
Be3 cxd4 8. Nb5 Qd8 9. Nbxd4 Nxd4 10. Bxd4 Be7 11. Bd3 O-O 12. O-O Bd7 13. Ne5 Qc7 14. Qe2 Rfd8 15. Rad1 Be8 16. f4 Bc5 17. Nf3 Nd5 18.
Kh1 Nxf4 19. Bxh7+ Kxh7 20. Qe4+ Ng6 21. Ng5+ Kg8 22.
h4 Bxd4 23. cxd4 Qg3 24. Kg1 Qxh4 25. Qe3 Rd5 26. Nxe6 Rh5 27. Ng5 Qxg5 28. Qf3 Bc6 29. d5 Bxd5 30. Rxd5 Qxd5 31. Qxf7+ Qxf7 32. Rf5 0-1

[Event "Early-Titled-Tuesday-Blitz-January-16-2024"]
[Site "Chess.com"]
[Date "2024.01.16"]
[Round "6"]
[White "lucliasco"]
[Black "xakevicius91"]
[Result "1/2-1/2"]
[WhiteElo "2896"]
[BlackElo "2537"]
[TimeControl "180+1"]
[EndTime "9:09:53 PST"]
[Termination "Game drawn by repetition"]

1. d4 Nf6 2. Nf3 e6 3. Bf4 c5 4.
e3 cxd4 5. exd4 b6 6. Nbd2 Ba6 7. Bxa6 Nxa6 8. c3 Be7 9. O-O O-O 10. Re1 Nc7 11. h3 d6 12. a4 Qd7 13. Qb3 Qc6 14. Qc4 Qxc4 15. Nxc4 Rfd8 16. Nfd2 Rac8 17.
Bh2 Ncd5 18. Ne3 Nxe3 19. fxe3 a6 20. e4 Bf8 21. e5 dxe5 22. Bxe5 Nd5 23. Nb3 Ra8 24.
Bg3 Rdc8 25. Bf2 Be7 26. Rec1 Bg5 27. Rd1 h5 28. Rd3 h4 29. Kf1 Rc6 30. Rf3 Rcc8 31. Rd3 b5 32. Nc5 Be7 33. b4 a5 34. axb5 axb4 35. Rxa8 Rxa8 36. c4 Nb6 37. Rb3 Nxc4 38. Rxb4 Nb6 39. Rb1 Kf8 40. Na6 Bd6 41. Bxh4 Rc8 42.
Be1 Rc2 43. Ba5 Nc4 44. Bb4 Ne3+ 45. Kg1 Rxg2+ 46. Kh1 Rh2+ 47. Kg1 Rg2+ 48. Kh1 Rh2+ 49. Kg1 Rg2+ 1/2-1/2

[Event "Early-Titled-Tuesday-Blitz-January-16-2024"]
[Site "Chess.com"]
[Date "2024.01.16"]
[Round "6"]
[White "DeArron_Fox"]
[Black "Zakaryan_David"]
[Result "0-1"]
[WhiteElo "2413"]
[BlackElo "2656"]
[TimeControl "180+1"]
[EndTime "9:09:54 PST"]
[Termination "Zakaryan_David won on time"]

1. d4 Nf6 2. c4 e6 3. Nf3 Bb4+ 4.
Bd2 Be7 5. g3 O-O 6. Bg2 d5 7.
O-O c6 8. Bf4 b6 9. Qc2 Bb7 10.
Nbd2 Nbd7 11. e4 dxe4 12. Nxe4 Nxe4 13. Qxe4 Nf6 14. Qc2 c5 15. Rad1 cxd4 16. Nxd4 Bxg2 17. Kxg2 Qc8 18. Qe2 Rd8 19. b3 Qc5 20. Nb5 a6 21. Nc3 b5 22. Be3 Qb4 23. Rc1 Rac8 24. Bd2 bxc4 25.
bxc4 Qxc4 26. Qxc4 Rxc4 27. Be3 Rdc8 28. Rc2 Rxc3 29.
Rb2 Nd5 0-1

[Event "Early-Titled-Tuesday-Blitz-January-16-2024"]
[Site "Chess.com"]
[Date "2024.01.16"]
[Round "6"]
[White "stepanosinovsky"]
[Black "Herzog2012"]
[Result "0-1"]
[WhiteElo "2386"]
[BlackElo "2536"]
[TimeControl "180+1"]
[EndTime "9:09:56 PST"]
[Termination "Herzog2012 won by resignation"]

1. Nf3 Nf6 2. g3 b5 3. Bg2 Bb7 4. O-O e6 5. d3 c5 6. e4 d6 7. Nbd2 Be7 8. Re1 O-O 9. c3 Nbd7 10. Qe2 Rc8 11. h4 c4 12. d4 e5 13. Nh2 Re8 14. d5 Nc5 15. g4 h6 16. g5 hxg5 17. hxg5 Nh7 18. g6 fxg6 19. Ndf1 Nd3 20. Rd1 Bg5 21. Ne3 Rf8 22. Rxd3 cxd3 23. Qxd3 a6 24. Bh3 Rc7 25. Be6+ Kh8 26. Nhg4 Bc8 27. Kg2 Re7 28. a4 Rxe6 29. dxe6 Bxe6 30. axb5 axb5 31. Qxb5 Bxe3 32. Nxe3 Qh4 33.
Qe2 Ng5 34. Bd2 Qh3+ 35. Kg1 Nf3+ 36. Qxf3 Qxf3 37. Ra7 Qxf2+ 0-1

[Event "Early-Titled-Tuesday-Blitz-January-16-2024"]
[Site "Chess.com"]
[Date "2024.01.16"]
[Round "6"]
[White "JCVanDamme10"]
[Black "GMT4114"]
[Result "1-0"]
[WhiteElo "2313"]
[BlackElo "1986"]
[TimeControl "180+1"]
[EndTime "9:09:58 PST"]
[Termination "JCVanDamme10 won by checkmate"]

1. e4 e6 2. d4 d5 3. e5 c5 4. c3 Nc6 5. Nf3 Bd7 6. Be2 Nge7 7. Na3 cxd4 8. cxd4 Nf5 9. Nc2 Qb6 10. O-O Na5 11. g4 Ne7 12. b4 Nc4 13. a4 Rc8 14. Bg5 h6 15. Bd2 Nxd2 16. Qxd2 Ng6 17. Rfc1 Be7 18.
a5 Qd8 19. b5 O-O 20. a6 b6 21. Nb4 Bxb4 22. Qxb4 Qe7 23. Qxe7 Nxe7 24. Bd3 Ng6 25.
Bf1 f6 26. exf6 Rxf6 27. Ne5 Nxe5 28. Rxc8+ Bxc8 29. dxe5 Rf4 30. h3 Bd7 31. Rc1 Rb4 32. Rc7 Bxb5 33. Bxb5 Rxb5 34. Rxa7 Ra5 35. f4 b5 36. f5 exf5 37. e6 b4 38. Ra8+ Kh7 39. e7 Ra1+ 40. Kf2 b3 41. e8=Q b2 42. Qg8+ Kg6 43. Qe6+ Kg5 44. Qxf5+ Kh4 45. Qh5# 1-0

[Event "Early-Titled-Tuesday-Blitz-January-16-2024"]
[Site "Chess.com"]
[Date "2024.01.16"]
[Round "6"]
[White "GMAkobianSTL"]
[Black "HajiyevKanan"]
[Result "1-0"]
[WhiteElo "2706"]
[BlackElo "2561"]
[TimeControl "180+1"]
[EndTime "9:09:59 PST"]
[Termination "GMAkobianSTL won by resignation"]

1. d4 d5 2. c4 c6 3. cxd5 cxd5 4. Nf3 Nf6 5. Nc3 a6 6. Bf4 Nc6 7. Rc1 Qb6 8. Na4 Qa5+ 9. Bd2 Qc7 10. Qb3 e6 11. e3 Bd6 12. Bd3 O-O 13. Nb6 Rb8 14.
O-O Bd7 15. Nxd7 Qxd7 16. Rc2 Rfc8 17. Rfc1 Ne7 18. Ne5 Qd8 19. Bb4 Rxc2 20. Rxc2 Bxb4 21. Qxb4 Ng6 22. Bxg6 hxg6 23. Qc5 Ne8 24. h3 g5 25.
b3 f6 26. Nd3 Nd6 27. Qc7 Qxc7 28. Rxc7 Nb5 29. Re7 Nc3 30. a4 b5 31. a5 b4 32.
Rxe6 Ra8 33. Nc5 Ne2+ 34. Kf1 Nc1 35. Ke1 Rb8 36. Kd2 Na2 37. Rxa6 Rb5 38. Na4 Nc3 39. Nxc3 bxc3+ 40. Kxc3 1-0

[Event "Early-Titled-Tuesday-Blitz-January-16-2024"]
[Site "Chess.com"]
[Date "2024.01.16"]
[Round "6"]
[White "Garbaranza"]
[Black "KarstenHansch"]
[Result "0-1"]
[WhiteElo "2435"]
[BlackElo "2657"]
[TimeControl "180+1"]
[EndTime "9:10:00 PST"]
[Termination "KarstenHansch won by resignation"]

1. e4 c6 2. Nc3 d5 3. d4 dxe4 4. Nxe4 Nf6 5. Nxf6+ exf6 6. c3 Bd6 7. Bd3 O-O 8. Qh5 g6 9. Qh4 Re8+ 10. Ne2 f5 11. Bg5 Be7 12. Bxe7 Qxe7 13. Qxe7 Rxe7 14. Kd2 Nd7 15.
Rhe1 Nf6 16. f3 Bd7 17. h4 Rae8 18. Nf4 h6 19. Nh3 Nd5 20. Rxe7 Rxe7 21. Re1 Rxe1 22. Kxe1 f4 23. Nf2 Ne3 24. Bf1 Bf5 25. Ne4 Bxe4 26. fxe4 f6 27. Kf2 g5 28. Bd3 Nd1+ 29. Kf3 Nxb2 30.
Be2 Kg7 31. Kg4 Na4 32. c4 Nc3 33. Bd3 Nxa2 34. e5 Nb4 35. Be4 fxe5 36. dxe5 gxh4 37. Kxf4 Kf7 38. Kg4 a5 39. Kxh4 a4 40. Kh5 a3 41.
Bb1 Kg7 42. e6 a2 43. Bxa2 Nxa2 44. g4 Nc3 45. e7 Kf7 46. Kxh6 Ne4 47. g5 Kxe7 48.
g6 Nf6 49. g7 b5 50. cxb5 cxb5 51. Kg5 b4 52. Kf4 b3 53. Ke3 b2 54. Kd2 b1=Q 0-1

[Event "Early-Titled-Tuesday-Blitz-January-16-2024"]
[Site "Chess.com"]
[Date "2024.01.16"]
[Round "6"]
[White "stollenmonster"]
[Black "sofaceindisguise"]
[Result "0-1"]
[WhiteElo "2891"]
[BlackElo "2694"]
[TimeControl "180+1"]
[EndTime "9:10:04 PST"]
[Termination "sofaceindisguise won by resignation"]

1. e4 c5 2. Nf3 g6 3. d4 cxd4 4. Nxd4 Bg7 5. Nc3 Nc6 6. Nde2 Nf6 7. g3 O-O 8. Bg2 d6 9. h3 a6 10. a4 Nd7 11. O-O Nb4 12. Be3 Nc5 13. a5 Be6 14.
Qd2 Rc8 15. Rfd1 Nc6 16. Nd5 Ne5 17. b3 Bxh3 18. Bxc5 Rxc5 19. c4 Bg4 20. Qe3 Nc6 21. Rac1 Rxa5 22. Bf3 Bxf3 23. Qxf3 e6 24. Ndf4 Qe7 25.
Kg2 Ne5 26. Qe3 Rc8 27. Qb6 Nc6 28. Rc2 Ra3 29. Rcd2 Be5 30. Nd3 Qc7 31. Qe3 Rxb3 32. Qg5 Bg7 33. Nef4 Nd4 34. c5 dxc5 35. Rh1 c4 36. Nc1 Rb5 37. Qh4 h6 38. Qh3 c3 39.
Ra2 Rb2 40. Ra4 Qc6 41. Rxd4 Bxd4 42. Re1 Bg7 43. Qg4 Rd8 44. Ncd3 Rd2 45. Re3 c2 46.
Nxg6 fxg6 47. Qxg6 R2xd3 0-1

[Event "Early-Titled-Tuesday-Blitz-January-16-2024"]
[Site "Chess.com"]
[Date "2024.01.16"]
[Round "6"]
[White "NelsonLinda"]
[Black "Zohid6"]
[Result "0-1"]
[WhiteElo "2615"]
[BlackElo "2819"]
[TimeControl "180+1"]
[EndTime "9:10:05 PST"]
[Termination "Zohid6 won on time"]

1. Nf3 Nf6 2. b3 d5 3. Bb2 c5 4. e3 Nc6 5. Bb5 Bd7 6. O-O Rc8 7.
d4 cxd4 8. exd4 a6 9. Bxc6 Bxc6 10. Ne5 e6 11. Nd2 Bd6 12. Ndf3 O-O 13. Re1 Ne4 14. c4 f6 15. Nxc6 bxc6 16. Nd2 f5 17. Nf1 Rf6 18.
f3 Ng5 19. Rc1 Rh6 20. Qd2 Qf6 21. Rc2 Qg6 22. Qe2 Rf8 23. Bc1 Nh3+ 24. Kh1 Nf4 25. Bxf4 Bxf4 26. cxd5 exd5 27. g3 Bxg3 28. Nxg3 Qxg3 29.
Rg1 Qf4 30. Qd3 Re8 31. Rcg2 Kh8 32. Qxa6 Qxf3 33. Rf1 Qe4 34. Rg1 f4 35. Rf1 Rg6 36. Rg1 Rxg2 37. Rxg2 Qf3 38. Qd3 Qxd3 0-1

[Event "Early-Titled-Tuesday-Blitz-January-16-2024"]
[Site "Chess.com"]
[Date "2024.01.16"]
[Round "6"]
[White "seasidesunset"]
[Black "Carlitus2004"]
[Result "0-1"]
[WhiteElo "2235"]
[BlackElo "2437"]
[TimeControl "180+1"]
[EndTime "9:10:05 PST"]
[Termination "Carlitus2004 won by resignation"]

1. e4 c6 2. d4 d5 3. f3 e6 4. Nc3 Nf6 5. Qe2 Bb4 6. Bd2 O-O 7. Qf2 dxe4 8. fxe4 Bxc3 9. bxc3 Nxe4 10. Qf4 Nxd2 11. Qxd2 Qh4+ 12. g3 Qe4+ 13. Kf2 e5 14. Re1 Qf5+ 15.
Kg2 e4 16. Bc4 b5 17. Rf1 Qg6 18. Be2 Be6 19. Rf4 Nd7 20. h4 h5 21. Nh3 Bxh3+ 22.
Rxh3 Nf6 23. Rh1 Rae8 24. Rhf1 Rd8 25. Rf5 Rd5 26. Rxd5 Nxd5 27. Qd1 Ne3+ 0-1

[Event "Early-Titled-Tuesday-Blitz-January-16-2024"]
[Site "Chess.com"]
[Date "2024.01.16"]
[Round "6"]
[White "artooon"]
[Black "AlbusSevresPotter"]
[Result "1-0"]
[WhiteElo "2971"]
[BlackElo "2580"]
[TimeControl "180+1"]
[EndTime "9:10:06 PST"]
[Termination "artooon won on time"]

1. e4 c5 2. Nf3 d6 3. d4 cxd4 4. Nxd4 Nf6 5. Nc3 a6 6. Bd3 e5 7. Nde2 Be7 8. O-O Be6 9. Ng3 Nbd7 10. f4 Qc7 11. Kh1 O-O 12. Qe2 Rac8 13. fxe5 Nxe5 14.
Bf4 Ng6 15. Be3 Ng4 16. Bd4 N4e5 17. Nf5 Rfe8 18. Qf2 Rf8 19. a4 Rfe8 20. a5 Bf8 21. Na4 d5 22. exd5 Bxd5 23. Nb6 Rcd8 24. Nxd5 Rxd5 25.
Qg3 Qd7 26. c3 Nc6 27. Qf2 Nge5 28. Be4 Rb5 29. Bb6 Nc4 30. Rad1 Qe6 31. Bd3 Rxb2 32. Qh4 Nxb6 33. Ne7+ 1-0

[Event "Early-Titled-Tuesday-Blitz-January-16-2024"]
[Site "Chess.com"]
[Date "2024.01.16"]
[Round "6"]
[White "Schachmalanders"]
[Black "LoScecco"]
[Result "1-0"]
[WhiteElo "2464"]
[BlackElo "2222"]
[TimeControl "180+1"]
[EndTime "9:10:06 PST"]
[Termination "Schachmalanders won on time"]

1. e4 c5 2. d4 cxd4 3. c3 dxc3 4. Nxc3 Nc6 5. Bc4 d6 6. Nf3 a6 7. O-O Nf6 8. Qe2 Bg4 9. Rd1 e6 10. Bf4 Nh5 11. Bxd6 Bxd6 12. e5 Nxe5 13. Qxe5 Bxe5 14. Rxd8+ Rxd8 15. Nxe5 Nf6 16. Re1 O-O 17. h3 Bf5 18.
Bb3 Rd2 19. g4 Bg6 20. h4 Bd3 21. g5 Nh5 22. Nxf7 Kxf7 23. Rxe6 Rd8 24. Re2+ Kf8 25. Rxd2 Ke7 26. Nd5+ Rxd5 27. Bxd5 Bb5 28. Bxb7 Nf4 29. Kh2 h6 30. Be4 hxg5 31. hxg5 Ne6 32. g6 Kf6 33.
Rd6 Ke5 34. Rxe6+ Kxe6 35. Kg3 Kf6 36. Kf4 Bc4 37. a3 Bb3 38. Ke3 a5 39. Kd4 Bd1 40. Kc5 a4 41. Kb4 Ke5 42. Bc6 Bc2 43. Bxa4 Bxg6 44.
Bc6 Kd4 45. a4 Bd3 46. a5 g5 47. Bb5 1-0

[Event "Early-Titled-Tuesday-Blitz-January-16-2024"]
[Site "Chess.com"]
[Date "2024.01.16"]
[Round "6"]
[White "Yushko_Olga"]
[Black "kai_nov"]
[Result "1-0"]
[WhiteElo "2127"]
[BlackElo "2317"]
[TimeControl "180+1"]
[EndTime "9:10:07 PST"]
[Termination "Yushko_Olga won on time"]

1. d4 Nf6 2. c4 e6 3. Nc3 d5 4. cxd5 exd5 5. Bg5 Be7 6. e3 c6 7. Bd3 h6 8. Bh4 O-O 9. Qc2 Be6 10. Nge2 Nbd7 11. O-O b5 12. Nf4 b4 13. Na4 Rc8 14.
Rac1 Nb6 15. Nxe6 fxe6 16. Nc5 Bxc5 17. dxc5 Nbd7 18. e4 Ne5 19. exd5 Nxd3 20. Qxd3 Qxd5 21. Qe2 e5 22. Rfe1 Rce8 23. b3 e4 24. Rc4 g5 25.
Bg3 a5 26. Rd1 Qf5 27. Rd6 e3 28. fxe3 Nd5 29. e4 Nf4 30. Bxf4 Qxf4 31. g3 Qe5 32. Rxh6 Qa1+ 33. Kg2 Rd8 34. Rg6+ Kf7 35. Qh5 Rd2+ 36. Kh3 Qf1+ 37. Kg4 Qe2+ 38. Kf5 Qf2+ 39. Ke5 1-0

[Event "Early-Titled-Tuesday-Blitz-January-16-2024"]
[Site "Chess.com"]
[Date "2024.01.16"]
[Round "6"]
[White "nickmatta"]
[Black "BursaBBSatranc"]
[Result "0-1"]
[WhiteElo "2575"]
[BlackElo "2720"]
[TimeControl "180+1"]
[EndTime "9:10:08 PST"]
[Termination "BursaBBSatranc won by resignation"]

1. Nf3 d5 2. g3 Nf6 3. Bg2 c6 4.
O-O Bf5 5. c4 e6 6. Qb3 Qb6 7. d3 Nbd7 8. Be3 Qxb3 9. axb3 a6 10. Nh4 Bg4 11. h3 Bxe2 12. Rc1 Bxd3 13. Nc3 Bd6 14.
Rd1 Bc2 15. Rd2 Bxb3 16. cxd5 cxd5 17. Nf3 O-O 18. Nd4 Bc4 19. b3 Bb4 20. Rc1 Bxc3 21. Rxc3 Bb5 22. Rc7 Rfc8 23. Rxb7 Rab8 24. Ra7 Ra8 25.
Rb7 Rcb8 26. Rc7 h6 27. g4 Rc8 28. Rb7 Rab8 29. Ra7 Nc5 30. b4 Nce4 31. Ra2 Bc4 32.
Ra1 Rxb4 33. f3 Nd6 34. Bf1 Bxf1 35. Kxf1 Nb5 36. Nxb5 axb5 37. Rb7 Rb3 38. Bd4 Rxf3+ 39.
Kg2 Rf4 40. Be5 Re4 41. Bxf6 gxf6 42. Raa7 Rf8 43. Rxb5 h5 44. Kf3 hxg4+ 45. hxg4 Kg7 46. Rbb7 Kg6 47. Re7 Kg5 48. Rxf7 Rxf7 49. Rxf7 Rf4+ 50. Ke3 Rxg4 51. Rg7+ Kf5 52. Rh7 Rg3+ 53. Kd4 e5+ 54. Kxd5 Rd3+ 55. Kc4 Rd8 56. Kc3 e4 57. Re7 Kf4 58.
Rd7 0-1

[Event "Early-Titled-Tuesday-Blitz-January-16-2024"]
[Site "Chess.com"]
[Date "2024.01.16"]
[Round "6"]
[White "Statham_01"]
[Black "DamianoLew95"]
[Result "1-0"]
[WhiteElo "2555"]
[BlackElo "2658"]
[TimeControl "180+1"]
[EndTime "9:10:08 PST"]
[Termination "Statham_01 won by checkmate"]

1. e4 c5 2. Nf3 d6 3. d4 cxd4 4.
Nxd4 Nf6 5. Nc3 a6 6. a3 g6 7. Be3 Bg7 8. f3 e5 9. Nb3 Be6 10. Qd2 O-O 11. O-O-O Ne8 12. h4 Nc6 13. h5 Bxb3 14.
cxb3 Nd4 15. Bc4 Rc8 16. Kb1 b5 17. Bd5 Nf6 18. hxg6 Nxd5 19. gxh7+ Kh8 20. Bxd4 exd4 21. Nxd5 Rc5 22. Rh5 Re8 23. Qf4 d3 24. Rxd3 Qc8 25.
Rg5 Kxh7 26. Qh4+ Kg8 27. Rxg7+ Kxg7 28. Qg5+ Kf8 29. Qh6+ Kg8 30. Nf6# 1-0

[Event "Early-Titled-Tuesday-Blitz-January-16-2024"]
[Site "Chess.com"]
[Date "2024.01.16"]
[Round "6"]
[White "Quattroporte300"]
[Black "Flawless_Fighter"]
[Result "0-1"]
[WhiteElo "2468"]
[BlackElo "2698"]
[TimeControl "180+1"]
[EndTime "9:10:08 PST"]
[Termination "Flawless_Fighter won on time"]

1. e4 c5 2. Nc3 Nc6 3. Bb5 a6 4. Bxc6 bxc6 5. d3 d6 6. f4 g6 7.
Nf3 Bg7 8. h3 Nf6 9. Be3 O-O 10.
Qd2 Rb8 11. O-O-O Qb6 12. b3 Qa5 13. Na4 Rb4 14. Rde1 c4 15. Bb6 Qb5 16. dxc4 Rxc4 17. bxc4 Qxa4 18. Bd4 Qxc4 19. Qc3 Qxa2 20. Qb3 Qa5 21. Bc3 Qc7 22. e5 Be6 23. Qa3 Nd5 24. Ba5 Qb7 25. Nd4 Nxf4 26. Nxe6 Nxe6 27. Bc3 d5 28. Qb3 Qc7 29. Kd2 Rb8 30. Qa3 d4 31. Ba5 Qd7 32. Rb1 Rd8 33. Rb3 Rf8 34. Re1 Qd5 35. Rf3 Ng5 36. Rf2 Ne4+ 37. Rxe4 Qxe4 38. Bb4 Bh6+ 39. Kd1 Qxe5 40. Qd3 Rb8 0-1

[Event "Early-Titled-Tuesday-Blitz-January-16-2024"]
[Site "Chess.com"]
[Date "2024.01.16"]
[Round "6"]
[White "CrushingKings"]
[Black "01Roman"]
[Result "1-0"]
[WhiteElo "2665"]
[BlackElo "2453"]
[TimeControl "180+1"]
[EndTime "9:10:09 PST"]
[Termination "CrushingKings won by resignation"]

1. Nf3 Nf6 2. g3 b6 3. Bg2 Bb7 4. O-O e6 5. c4 c5 6. b3 Be7 7.
Bb2 O-O 8. d4 cxd4 9. Qxd4 d6 10. Nc3 a6 11. Rfd1 Nbd7 12. Ba3 Qc7 13. Bxd6 Bxd6 14. Qxd6 Rac8 15. Rac1 Qxd6 16. Rxd6 b5 17. Ne5 Bxg2 18. Nxd7 Nxd7 19. Kxg2 Ne5 20. cxb5 axb5 21. Rdd1 b4 22. Ne4 Rxc1 23. Rxc1 Ra8 24. Rc2 h6 25.
Nd6 Ra7 26. h3 Kf8 27. f4 Ng6 28. Nc4 Ne7 29. Kf3 Nd5 30. e4 Nc3 31. a4 bxa3 32.
Nxa3 Rxa3 33. Rxc3 g6 34. Ke3 h5 35. h4 Kg7 36.
Kd4 Ra2 37. b4 Rb2 38. Kc5 Kf6 39. b5 Ke7 40. Kc6 Rb4 41. b6 Kd8 42. Kb7 1-0

[Event "Early-Titled-Tuesday-Blitz-January-16-2024"]
[Site "Chess.com"]
[Date "2024.01.16"]
[Round "6"]
[White "Fandorine"]
[Black "starworld123"]
[Result "0-1"]
[WhiteElo "2980"]
[BlackElo "2847"]
[TimeControl "180+1"]
[EndTime "9:10:10 PST"]
[Termination "starworld123 won on time"]

1. c4 e6 2. g3 d5 3. Bg2 Nf6 4.
Nf3 Be7 5. O-O O-O 6. d4 dxc4 7. Na3 Bxa3 8. bxa3 Nc6 9. Qc2 b5 10. a4 a6 11. Rb1 Bb7 12. Rd1 Ne7 13. Ne5 Bxg2 14.
Kxg2 c6 15. Ba3 Re8 16. e4 Qc8 17. h4 Nd7 18. Nf3 h6 19. Bd6 Qd8 20. g4 Nf6 21. Bxe7 Qxe7 22. g5 hxg5 23. hxg5 Nh5 24. Rh1 g6 25. Rh4 c5 26. d5 exd5 27. exd5 Qe2 28. Qxe2 Rxe2 29. axb5 axb5 30. Rxb5 Raxa2 0-1

[Event "Early-Titled-Tuesday-Blitz-January-16-2024"]
[Site "Chess.com"]
[Date "2024.01.16"]
[Round "6"]
[White "C_K_G"]
[Black "Massakru"]
[Result "0-1"]
[WhiteElo "2037"]
[BlackElo "2318"]
[TimeControl "180+1"]
[EndTime "9:10:10 PST"]
[Termination "Massakru won by resignation"]

1. e4 e5 2. Nf3 Nc6 3. Bc4 Nf6 4.
Ng5 d5 5. exd5 Na5 6. Bb5+ c6 7. dxc6 bxc6 8. Qf3 Be7 9. Bxc6+ Nxc6 10. Qxc6+ Bd7 11.
Qc4 O-O 12. Nc3 Rc8 13. Qd3 h6 14. Nf3 e4 15. Nxe4 Nxe4 16. Qxe4 Bc6 17. Qg4 f5 18. Qh5 Be8 19. Qh3 Rxc2 20. O-O Bb5 21. Re1 Bc5 22. Ne5 Qd4 23. Qe3 Re8 24. Qb3+ Bc4 25.
Qg3 f4 26. Qh4 Rxe5 27. Rxe5 Qxe5 28. h3 Qe1+ 29. Kh2 Bxf2 0-1

[Event "Early-Titled-Tuesday-Blitz-January-16-2024"]
[Site "Chess.com"]
[Date "2024.01.16"]
[Round "6"]
[White "anasta10"]
[Black "NovozhilovSemen"]
[Result "0-1"]
[WhiteElo "2513"]
[BlackElo "2672"]
[TimeControl "180+1"]
[EndTime "9:10:11 PST"]
[Termination "NovozhilovSemen won on time"]

1. Nf3 Nf6 2. d4 e6 3. g3 c5 4. Bg2 cxd4 5. Nxd4 d5 6. O-O Nc6 7. c4 Bc5 8. Nb3 Bb6 9. cxd5 Nxd5 10. N1d2 O-O 11.
Nc4 Bc7 12. a3 Qf6 13. Qc2 Rd8 14. Bd2 e5 15. Rad1 Be6 16. e3 Rac8 17. Nc5 b5 18.
Nxe6 Qxe6 19. e4 Nf6 20. Ne3 Bb6 21. Qb1 Nd4 22. Rfe1 h5 23. Nd5 Nxd5 24. exd5 Rxd5 25. Bxd5 Qxd5 26. Be3 Nf3+ 27. Kh1 Bd4 28. Bxd4 Nxe1+ 29.
f3 Qxf3+ 0-1